 Dungeon Crawl Stone Soup version 0.17.1-2-g5865329 (webtiles) character file.

632 Yercesthegreat the Archer (level 7, -2/55 HPs)
             Began as a Centaur Hunter on Jan 10, 2016.
             Was an Initiate of Okawaru.
             Slain by an orc warrior
             ... wielding a +0 scimitar
              (12 damage)
             ... on level 6 of the Dungeon.
             The game lasted 00:32:20 (6205 turns).

Yercesthegreat the Archer (Centaur Hunter)          Turns: 6205, Time: 00:32:20

Health: -2/55      AC: 19    Str: 14    XL:     7   Next: 24%
Magic:  7/7        EV:  4    Int: 10    God:    Okawaru [......]
Gold:   192        SH:  0    Dex: 12    Spells: 0 memorised, 6 levels left

rFire  . . .     SeeInvis .     x - +1 mace (protect)
rCold  . . .     Clarity  .     o - +3 chain mail
rNeg   . . .     SustAt   .     (no shield)
rPois  +         Gourm    .     k - +2 helmet
rElec  .         Spirit   .     w - +0 cloak {+Inv}
rCorr  .         Warding  .     (no gloves)
rMut   .         Rnd*Tele +     (no barding)
MR     .....                    (no amulet)
Stlth  ..........               n - ring of teleportation (curse)
                                l - ring of poison resistance

@: very quick, not resistant to hostile enchantments, extremely unstealthy
A: hooves 3, deformed body, speed 2, tough skin 3
a: Renounce Religion, Evoke Invisibility, Evoke Teleportation


You were on level 6 of the Dungeon.
You worshipped Okawaru.
Okawaru was noncommittal.
You were very hungry.

You visited 1 branch of the dungeon, and saw 6 of its levels.

You collected 192 gold pieces.

Inventory:

Hand Weapons
 a - a +1 shortbow
 b - a +0 short sword
 d - a +0 club
 f - a +2 quarterstaff of chaos
 i - a +1 blowgun
 x - a +1 mace of protection (weapon)
 E - a +0 spear
Missiles
 p - 12 sling bullets of flame
 t - 2 arrows
 u - 3 tomahawks of returning
 v - a poisoned needle
 y - 8 needles of paralysis
 B - 85 stones (quivered)
 D - 28 bolts
Armour
 c - a +0 leather armour
 k - a +2 helmet (worn)
 o - a +3 chain mail (worn)
 w - a +0 cloak of invisibility (worn)
 G - the +0 leather armour of Gicax {rF+ Str+3}
   (You found it on level 5 of the Dungeon)

   It affects your strength (+3).
   It protects you from fire.
Jewellery
 l - a ring of poison resistance (left hand)
 n - a cursed ring of teleportation (right hand)
 s - a +2 ring of evasion
 H - an uncursed ring of poison resistance
Wands
 q - a wand of teleportation (4)
Scrolls
 h - a scroll of random uselessness
 r - a scroll of enchant armour
 F - a scroll of fog {unknown}
Potions
 j - a potion of agility
 m - a potion of brilliance
 z - 2 potions of poison {unknown}
 C - a potion of flight {unknown}
Comestibles
 e - 2 bread rations
 g - a slice of pizza
 A - a royal jelly


   Skills:
 - Level 2.0 Fighting
 - Level 8.7 Bows
 * Level 6.2 Throwing
 - Level 1.3 Dodging
 - Level 0.5 Stealth


You had 6 spell levels left.
You didn't know any spells.

Dungeon Overview and Level Annotations

Branches:
Dungeon (6/15)
 Temple: D:4-7

Altars:
Okawaru
Qazlal
Yredelemnul

Annotations:
D:5 bollicks1999's ghost, amateur HOFi


Innate Abilities, Weirdness & Mutations

You have hooves in place of feet.
Armour fits poorly on your strangely shaped body.
You cover ground very quickly.
You have extremely tough skin (AC +3).


Message History

The giant gecko bites you but does no damage.
The orc hits you but does no damage. x2
The orc priest hits you but does no damage.
An iguana comes into view.
Your chain mail prevents you from hitting the orc.
Your kick misses the orc.
The orc is almost dead.
The giant gecko bites you but does no damage.
The orc warrior hits you but does no damage.
The orc barely misses you. The orc hits you but does no damage.
The orc priest hits you with a hand axe.
You hit the orc.
You kill the orc!
Okawaru accepts your kill.
The orc warrior hits you with a scimitar!
* * * LOW HITPOINT WARNING * * *
The orc barely misses you.
The orc priest hits you but does no damage.
The orc warrior hits you with a scimitar!
You die...

..# # #.#
. #. #.#
.. .# #<#
... . ###
%...#.
###...####
.....lloo+
.....oo@)#
..######.#
+#


You could see an orc warrior, an iguana, 2 orc priests, an orc and a giant
gecko.

Vanquished Creatures
  A sky beast (D:4)
  A water moccasin zombie (D:5)
  A giant frog zombie (D:5)
  3 orc wizards
  Crazy Yiuf (D:4)
  Ijyb (D:2)
  2 worker ants
  Jessica (D:2)
  An iguana (D:4)
  Natasha (thrice) (D:4)
  Robin (D:2)
  7 adders
  A gnoll (D:1)
  A shadow imp (D:5)
  2 worms
  3 giant geckos
  5 orcs
  6 bats
  13 goblins
  10 hobgoblins
  5 jackals
  7 kobolds
  3 quokkas
  A ball python (D:2)
  2 giant cockroaches
  7 giant newts
  A jackal skeleton (D:3)
  A quokka skeleton (D:4)
  5 rats (D:2)
96 creatures vanquished.

Notes
Turn   | Place    | Note
--------------------------------------------------------------
     0 | D:1      | Yercesthegreat the Centaur Hunter began the quest for the Orb.
     0 | D:1      | Reached XP level 1. HP: 17/17 MP: 1/1
   110 | D:1      | Reached skill level 6 in Bows
   110 | D:1      | Reached XP level 2. HP: 15/24 MP: 2/2
   803 | D:1      | Reached XP level 3. HP: 22/29 MP: 3/3
  1443 | D:2      | Reached skill level 7 in Bows
  1549 | D:2      | Found a faded altar to an unknown god.
  1554 | D:2      | Noticed Ijyb
  1588 | D:2      | Killed Ijyb
  1588 | D:2      | Reached XP level 4. HP: 33/36 MP: 4/4
  1978 | D:2      | Noticed Jessica
  1981 | D:2      | Killed Jessica
  1981 | D:2      | Reached skill level 8 in Bows
  2362 | D:2      | Noticed Robin
  2445 | D:2      | Killed Robin
  2445 | D:2      | Reached XP level 5. HP: 20/41 MP: 5/5
  3440 | D:3      | Found a stormy altar of Qazlal.
  3991 | D:4      | Reached skill level 1 in Throwing
  4168 | D:4      | Noticed Natasha
  4184 | D:4      | Killed Natasha
  4286 | D:4      | HP: 2/41 [iguana (7)]
  4833 | D:3      | Reached XP level 6. HP: 46/48 MP: 6/6
  4899 | D:4      | Noticed Natasha
  4912 | D:4      | Killed Natasha
  5081 | D:4      | Noticed Natasha
  5085 | D:4      | Killed Natasha
  5440 | D:4      | Noticed Crazy Yiuf
  5448 | D:4      | Killed Crazy Yiuf
  5554 | D:5      | Entered Level 5 of the Dungeon
  5594 | D:4      | Reached skill level 5 in Throwing
  5783 | D:5      | Noticed bollicks1999's ghost (amateur HOFi)
  5816 | D:5      | Found a basalt altar of Yredelemnul.
  5918 | D:5      | Reached XP level 7. HP: 35/55 MP: 7/7
  6089 | D:5      | Got a translucent leather armour
  6100 | D:5      | Identified the +0 leather armour of Gicax {rF+ Str+3} (You found it on level 5 of the Dungeon)
  6121 | D:5      | Found an iron altar of Okawaru.
  6140 | D:5      | Became a worshipper of Warmaster Okawaru
  6205 | D:6      | Slain by an orc warrior

Action                   |  1- 3 |  4- 6 |  7- 9 || total
-------------------------+-------+-------+-------++-------
Melee: Club              |       |   181 |       ||   181
       Mace              |       |    66 |    26 ||    92
       Blowgun           |       |     1 |       ||     1
 Fire: Shortbow          |    96 |    34 |       ||   130
       Blowgun           |       |    30 |     3 ||    33
Throw: Tomahawk          |     1 |    68 |       ||    69
       Stone             |       |       |     8 ||     8
  Use: Scroll            |       |    13 |       ||    13
 Stab: Paralysed         |       |     6 |       ||     6
       Distracted        |       |     1 |       ||     1
  Eat: Chunk             |       |    12 |       ||    12
